 Dungeon Crawl Stone Soup version 0.31-a0-233-g139696dc86 (webtiles) character file.

Game seed: 10070567694977118335

80 qw the Shooter (level 4, -2/26 HPs)
             Began as a Gargoyle Hexslinger on July 9, 2023.
             Slain by an iguana (6 damage)
             ... on level 2 of the Dungeon.
             The game lasted 00:00:27 (1259 turns).

qw the Shooter (Gargoyle Hexslinger)                Turns: 1259, Time: 00:00:27

Health: -2/26      AC:  8    Str: 11    XL:     4   Next: 39%
Magic:  5/5        EV: 10    Int: 14    God:
Gold:   60         SH:  0    Dex: 14    Spells: 4/5 levels left

rFire   . . .        Y - +2 sling
rCold   . . .        (no shield)
rNeg    + . .        f - +0 ring mail
rPois   inf          (no helmet)
rElec   +            (no cloak)
rCorr   .            (no gloves)
SInv    .            (no boots)
Will    +....        (no amulet)
Stlth   +            m - ring of willpower
HPRegen 0.24/turn    (no ring)
MPRegen 0.09/turn

%: no passive effects
@: about to teleport
A: sickness immunity, AC +3, negative energy resistance 1, electricity
resistance, torment resistance 1, petrification resistance
a: no special abilities


You were on level 2 of the Dungeon.
You visited 1 branch of the dungeon, and saw 2 of its levels.

You collected 60 gold pieces.


Innate Abilities, Weirdness & Mutations

You are immune to sickness and miasma.
Your stone body is resilient. (AC +3)
You are immune to poison.
You resist negative energy. (rN+)
You are resistant to electric shocks. (rElec)
You are resistant to unholy torment.
You are immune to petrification.


   Skills:
 - Level 2.3 Fighting
 - Level 4.0 Ranged Weapons
 + Level 0.2 Armour
 - Level 1.5 Dodging
 - Level 1.0 Spellcasting
 - Level 2.6 Hexes


You had 4 spell levels left.
You knew the following spells:

 Your Spells              Type           Power      Damage    Failure   Level
a - Slow                  Hex            32%        N/A       22%         1

Your spell library contained the following spells:

 Spells                   Type           Power      Damage    Failure   Level
 Inner Flame              Hex/Fire       4%         N/A       73%         3
 Portal Projectile        Hex/Tloc       8%         N/A       73%         3
 Cause Fear               Hex            4%         N/A       91%         4

Inventory:

Hand Weapons
 Y - a +2 sling (weapon)
Armour
 c - a +1 robe of positive energy
 f - a +0 ring mail (worn)
Jewellery
 m - a ring of willpower (left hand)
Scrolls
 a - a scroll of noise {unknown}
 b - a scroll of identify {unknown}
Potions
 d - a potion of degeneration {unknown}
 e - a potion of berserk rage {unknown}
 g - a potion of attraction {unknown}
 l - a potion of curing {unknown}

Dungeon Overview and Level Annotations

Branches:
Dungeon (2/15)

Altars:


Message History

Enter note:
Enter note:
Enter note:
Enter note: You shoot a sling bullet.
The sling bullet hits the iguana.
The iguana is lightly wounded.
You shoot a sling bullet.
The sling bullet hits the iguana but does no damage.
The iguana is lightly wounded.
You shoot a sling bullet.
The sling bullet misses the frilled lizard.
You shoot a sling bullet. The sling bullet hits the ball python!
You kill the ball python!
You shoot a sling bullet. The sling bullet hits the iguana.
The iguana is moderately wounded.
You shoot a sling bullet. The sling bullet hits the iguana.
The iguana is moderately wounded.
The iguana bites you.
You shoot a sling bullet. The sling bullet hits the iguana.
The iguana is heavily wounded.
The iguana bites you. The frilled lizard barely misses you.
The frilled lizard bites you but does no damage.
The iguana barely misses you.
You shoot a sling bullet. The sling bullet hits the iguana.
The iguana is heavily wounded.
The iguana bites you. The frilled lizard closely misses you.
You shoot a sling bullet.
The sling bullet barely misses the iguana.
The iguana bites you! The frilled lizard bites you.
1258 ||| READING scroll of teleportation.
As you read the scroll of teleportation, it crumbles to dust.
You feel strangely unstable. The iguana barely misses you.
The frilled lizard bites you but does no damage.
You shoot a sling bullet.
The sling bullet barely misses the iguana.
The iguana misses you.
The frilled lizard bites you but does no damage. x2
The iguana bites you.
You die...

#..... ..... .... ...
.. .# # .# .# #.
##l#####.#
###.##@l......
#......#####.#
##.#.#..#####.#
#..........#..# ##
#..#.#..#.....#######.
.# #.
#.#..#.##.......... .#
# ...........######..
.########
####.##.#.#.#
....(...# #. #.....#


You could see an iguana and a frilled lizard.

Vanquished Creatures
  3 gnolls (D:2)
  2 adders (D:2)
  2 dart slugs
  9 ball pythons
  2 bats
  2 endoplasms
  A giant cockroach (D:2)
  A goblin (D:1)
  4 jackals (D:1)
  A quokka (D:1)
  2 kobolds (D:2)
  A rat (D:1)
30 creatures vanquished.

Notes
Turn   | Place    | Note
-------+----------+-------------------------------------------
     0 | D:1      | qw the Gargoyle Hexslinger began the quest for the Orb.
     0 | D:1      | Reached XP level 1. HP: 12/12 MP: 2/2
     0 | D:1      | 0 ||| qw: Version: 0.3-a-51-g015441d
     0 | D:1      | 0 ||| qw: Game counter: 3880
     0 | D:1      | 0 ||| qw: Melee chars always use a shield: true
     0 | D:1      | 0 ||| qw: God list: Okawaru
     0 | D:1      | 0 ||| qw: Allow faded altars: false
     0 | D:1      | 0 ||| qw: Do Orc after clearing Dungeon:15 true
     0 | D:1      | 0 ||| qw: Do second Lair branch before Depths: true
     0 | D:1      | 0 ||| qw: Lair rune preference: random
     0 | D:1      | 0 ||| qw: Goals: Normal
     0 | D:1      | 0 ||| PLANNING D:1-11
   138 | D:1      | Reached XP level 2. HP: 15/16 MP: 3/3
   167 | D:1      | Found a faded altar of an unknown god.
   183 | D:1      | Reached skill level 3 in Ranged Weapons
   849 | D:1      | 849 ||| UPGRADING to +0 ring mail.
   859 | D:1      | 859 ||| DROPPING +0 robe.
   860 | D:1      | 860 ||| UPGRADING to ring of willpower.
   861 | D:1      | 861 ||| READING scroll labelled MEWAKK FIREIDGH.
   862 | D:1      | 862 ||| READING 2 scrolls labelled HUOFACKEKE.
   867 | D:1      | 867 ||| READING scroll labelled OGGAEQI JAUSOS.
   868 | D:1      | 868 ||| READING scroll labelled RIRHUM INOISA.
   869 | D:1      | 869 ||| READING scroll labelled WOAGEON HIUNIR.
   870 | D:1      | 870 ||| DROPPING scroll of poison.
   930 | D:2      | Reached XP level 3. HP: 17/21 MP: 4/4
  1024 | D:2      | Reached XP level 4. HP: 23/26 MP: 5/5
  1033 | D:2      | Reached skill level 4 in Ranged Weapons
  1034 | D:2      | HP: 3/26 [gnoll/+0 flail (5)]
  1035 | D:2      | 1035 ||| READING 2 scrolls of teleportation.
  1257 | D:2      | HP: 5/26 [iguana (9)]
  1258 | D:2      | 1258 ||| READING scroll of teleportation.
  1259 | D:2      | Slain by an iguana

Levels and vault maps discovered:
D:1:      lightli_arrival_flooded_house, layout_basic,
          shapermc_ecumenical_altar_rom_forum
D:2:      layout_loops_cross

Skill      XL: |  1  2  3  4 |
---------------+-------------+-----
Ranged Weapons | 3 4 |  4.0
Fighting       | 2 |  2.3
Armour         | |  0.2
Dodging        | |  1.5
Spellcasting   | |  1.0
Hexes          | |  2.6

Action                     |  1- 3 |  4- 6 || total
---------------------------+-------+-------++-------
   Fire: Sling             |    76 |    28 ||   104
    Use: Scroll            |     5 |     2 ||     7
 Armour: Robe              |     8 |       ||     8
         Ring mail         |     9 |     7 ||    16
  Dodge: Dodged            |    46 |    11 ||    57

Table legend:
 A = Non-vault XP
 B = Vault XP
 C = Vault XP percentage of total XP
 D = Non-vault monster count
 E = Vault monster count
 F = Vault count percentage of total count
                 A         B        C        D         E       F
            +---------+---------+-------+---------+---------+-------
      Total |     115 |       0 |   0.0 |      30 |       0 |   0.0
            +---------+---------+-------+---------+---------+-------
        D:1 |      27 |       0 |   0.0 |      14 |       0 |   0.0
        D:2 |      88 |       0 |   0.0 |      16 |       0 |   0.0
            +---------+---------+-------+---------+---------+-------
